 Dungeon Crawl Stone Soup version 0.23.2-11-gf996548c65 (webtiles) character file.

Game seed: 7406125497381863260

10906 Nattfarinn the Covert (level 11, -7/87 HPs)
             Began as a Vampire Enchanter on June 5, 2019.
             Was a Priest of Kikubaaqudgha.
             Mangled by a six-headed hydra (12 damage)
             ... on level 11 of the Dungeon.
             The game lasted 01:01:14 (20301 turns).

Nattfarinn the Covert (Vampire Enchanter)          Turns: 20301, Time: 01:01:15

Health: -7/87      AC:  4    Str:  7    XL:     11   Next: 42%
Magic:  19/23      EV: 13    Int: 26    God:    Kikubaaqudgha [***...]
Gold:   514        SH:  0    Dex: 15    Spells: 15/27 levels left

rFire    . . .     SeeInvis +   a - +2 dagger
rCold    + + .     Gourm    .   (no shield)
rNeg     + + +     Faith    .   b - +0 robe
rPois    ∞         Spirit   .   (no helmet)
rElec    .         Reflect  .   f - +1 cloak
rCorr    .         Harm     .   (no gloves)
MR       ++...                  (no boots)
Stlth    ++++++++..             u - amulet of magic regeneration
HPRegen  0.00/turn              i - ring of protection from magic
MPRegen  0.43/turn              p - +3 ring of intelligence

@: bloodless, non-regenerating
A: fangs 3, talons 1, see invisible, clever 1, unbreathing
a: Bat Form, Receive Corpses, Renounce Religion


You were on level 11 of the Dungeon.
You worshipped Kikubaaqudgha.
Kikubaaqudgha was most pleased with you.
You were bloodless.

You visited 2 branches of the dungeon, and saw 12 of its levels.

You collected 514 gold pieces.

Inventory:

Hand Weapons
 a - a +2 dagger (weapon)
Armour
 b - a +0 robe (worn)
 f - a +1 cloak (worn)
Jewellery
 e - an uncursed ring of fire
 i - a ring of protection from magic (left hand)
 p - a +3 ring of intelligence (right hand)
 u - an amulet of magic regeneration (around neck)
 w - an uncursed ring of protection from magic
Wands
 m - a wand of random effects (9)
 t - a wand of acid (2)
 x - a wand of iceblast (2)
 y - a wand of disintegration (2)
 A - a wand of clouds (3)
Scrolls
 d - 3 scrolls of remove curse
 j - 3 scrolls of magic mapping
 l - 3 scrolls of teleportation
 n - 3 scrolls of identify
 o - 2 scrolls of amnesia
 r - 2 scrolls of immolation
 E - a scroll of fear
Potions
 c - 4 potions of curing
 g - 3 potions of heal wounds
 h - 2 potions of invisibility
 k - 2 potions of mutation
 q - 10 potions of blood
 s - 2 potions of flight
 v - 2 potions of agility
 z - a potion of degeneration {unknown}
 B - a potion of lignification {unknown}
 C - a potion of magic {unknown}


   Skills:
 * Level 8.7 Fighting
 - Level 1.1 Short Blades
 - Level 2.1 Dodging
 + Level 14.1 Stealth
 + Level 8.6 Spellcasting
 - Level 12.8 Hexes


You had 15 spell levels left.
You knew the following spells:

 Your Spells              Type           Power        Failure   Level  Hunger
a - Corona                Hex            ######.      1%          1    None
b - Ensorcelled Hibernat  Hex/Ice        #####.       1%          2    None
c - Confuse               Hex            ######..     1%          3    None
d - Tukima's Dance        Hex            ######..     1%          3    None
e - Pain                  Necr           ##..         5%          1    None
f - Sublimation of Blood  Necr           ##........   8%          2    None

Your spell library contained the following spells:

 Spells                   Type           Power        Failure   Level  Hunger
 Confusing Touch          Hex            ######       1%          1    None
 Dazzling Spray           Conj/Hex       #####.       1%          3    None
 Fulminant Prism          Conj/Hex       #####.....   3%          4    ##.....
 Animate Skeleton         Necr           N/A          5%          1    None
 Magic Dart               Conj           ##..         5%          1    None
 Sting                    Conj/Pois      ##..         5%          1    None
 Poisonous Vapours        Pois/Air       ##....       8%          2    None
 Searing Ray              Conj           ##....       8%          2    None
 Metabolic Englaciation   Hex/Ice        #####.....   11%         5    ####...
 Yara's Violent Unravell  Hex/Tmut       #####.....   11%         5    ####...
 Gell's Gravitas          Tloc           ##........   16%         3    None
 Mephitic Cloud           Conj/Pois/Air  ##......     16%         3    None
 Regeneration             Chrm/Necr      ##........   16%         3    None
 Force Lance              Conj/Tloc      ##......     45%         4    ##.....
 Iskenderun's Mystic Bla  Conj           ##......     45%         4    ##.....
 Olgreb's Toxic Radiance  Pois           ##......     45%         4    ##.....
 Petrify                  Tmut/Erth      ##......     45%         4    ##.....
 Agony                    Necr           ##......     82%         5    ####...
 Borgnjor's Vile Clutch   Necr/Erth      ##........   82%         5    ####...
 Dispel Undead            Necr           ##......     82%         5    ####...
 Venom Bolt               Conj/Pois      ##........   82%         5    ####...
 Death Channel            Necr           ##........   100%        6    ######.
 Simulacrum               Ice/Necr       ##........   100%        6    ######.


Dungeon Overview and Level Annotations

Branches:
Dungeon (11/15)            Temple (1/1) D:4            Lair (0/6) D:10
    Orc (0/2) D:11

Altars:
Ashenzari
Elyvilon
Gozag
Kikubaaqudgha
Nemelex Xobeh
Sif Muna
Vehumet
Zin

Shops:
D:4 ([

Annotations:
D:9 5 runed translucent doors


Innate Abilities, Weirdness & Mutations

You do not heal naturally.
You are immune to poison.
You have razor-sharp teeth.
You have supernaturally acute eyesight. (SInv)
You can survive without breathing.
You have sharp toenails.
Your mind is acute. (Int +2)


Message History

The six-headed hydra resists with some effort.
Casting: Confuse (safe; 1% risk of failure)
Confirm with . or Enter, or press ? or * to list all spells.
Aiming: Confuse (safe; 1% risk of failure)
Press: ? - help, Shift-Dir - straight line, f/p - six-headed hydra
Aim: a six-headed hydra (chance to defeat MR: 47%)
The six-headed hydra resists with some effort.
The six-headed hydra bites you. The six-headed hydra bites you!
The six-headed hydra bites you. x2; The six-headed hydra bites you!
* * * LOW HITPOINT WARNING * * *
The six-headed hydra bites you!
* * * LOW HITPOINT WARNING * * *
The six-headed hydra misses you.
The six-headed hydra closely misses you. x2
The six-headed hydra bites you.
* * * LOW HITPOINT WARNING * * *
The six-headed hydra closely misses you.
The six-headed hydra bites you!
You die...
Kikubaaqudgha rasps: "You have failed me!
Welcome... oblivion!"

..........###.#........#)[######
...............|..####.#[)......
.......<..###...#.# #.#........
..........###...#.# #.#........
......####........####....#..###
.............................
...####.##..................#
...####.##.....####........##
...........D@........).....##
.######.##.....##.#........##
#.##...................
#.##....###.#..........
#.##...................
≈≈####.###..<............≈≈≈
≈≈≈≈≈.≈≈≈..........≈≈≈..#≈≈≈≈
.##≈≈≈≈≈≈≈≈.#.#≈≈≈≈≈≈≈≈.≈≈≈≈≈
###≈≈≈≈≈≈≈≈≈≈≈≈≈≈≈≈≈≈≈≈≈≈≈≈


You could see a six-headed hydra.

Vanquished Creatures
  Erolcha (D:11)
  A death yak (D:10)
  A manticore (D:11)
  Maurice (D:8)
  2 gargoyles
  A queen bee (D:8)
  3 trolls
  Prince Ribbit (D:9)
  A hornet (D:5)
  4 hippogriffs
  Grinder (D:5)
  7 yaks
  A wyvern (D:10)
  An acid dragon (D:8)
  2 sky beasts
  2 orc warriors
  An ice beast (D:8)
  A necrophage (D:10)
  5 ogres
  2 centaurs
  2 big kobolds
  8 bullfrogs
  4 scorpions
  17 killer bees
  A wight (D:7)
  An electric eel (D:11)
  4 howler monkeys
  4 crimson imps
  2 bullfrog zombies
  3 quasits
  6 hounds
  2 jellies (D:10)
  6 orc priests
  13 orc wizards
  A bullfrog skeleton (D:8)
  A hell rat (D:10)
  An iguana (D:7)
  10 worker ants
  2 hound zombies (D:8)
  A worker ant zombie (D:5)
  9 gnolls
  12 adders
  2 shadow imps
  4 adder skeletons
  9 worms
  A dart slug (D:2)
  10 leopard geckos
  30 orcs
  5 giant cockroaches
  13 goblins
  3 hobgoblins
  6 jackals
  6 quokkas
  A ball python (D:2)
  10 bats
  4 frilled lizards (D:1)
  15 kobolds
  A leopard gecko skeleton (D:4)
  A quokka skeleton (D:6)
  9 rats
279 creatures vanquished.

Vanquished Creatures (collateral kills)
  An orc warrior (D:11)
  A killer bee (D:10)
  7 wights
  An orc priest (D:11)
  An orc wizard (D:6)
  2 gnolls
  6 orcs
19 creatures vanquished.

Vanquished Creatures (others)
  A killer bee (D:10)
1 creature vanquished.

Grand Total: 299 creatures vanquished

Notes
Turn   | Place    | Note
-------+----------+-------------------------------------------
     0 | D:1      | Nattfarinn the Vampire Enchanter began the quest for the
                  | Orb.
     0 | D:1      | Reached XP level 1. HP: 13/13 MP: 3/3
   462 | D:1      | Reached XP level 2. HP: 15/19 MP: 5/5
   874 | D:1      | Reached skill level 5 in Hexes
  1111 | D:2      | Reached skill level 5 in Stealth
  1111 | D:2      | Reached XP level 3. HP: 24/24 MP: 6/6
  1147 | D:1      | Learned a level 2 spell: Ensorcelled Hibernation
  1834 | D:2      | Found a deep blue altar of Sif Muna.
  1857 | D:2      | Reached XP level 4. HP: 30/30 MP: 0/7
  1928 | D:2      | Learned a level 3 spell: Confuse
  2828 | D:3      | Reached XP level 5. HP: 35/35 MP: 6/9
  2842 | D:3      | Reached skill level 6 in Stealth
  3697 | D:3      | Learned a level 3 spell: Tukima's Dance
  3873 | D:4      | Found Qihyor's Antique Armour Emporium.
  3992 | D:4      | Found Asoeb's Weapon Shoppe.
  3998 | D:4      | Noticed an orc warrior
  4000 | D:4      | Reached XP level 6. HP: 41/41 MP: 10/10
  4495 | D:4      | Found a staircase to the Ecumenical Temple.
  4504 | D:4      | Killed an orc warrior
  5121 | D:5      | Entered Level 5 of the Dungeon
  5178 | D:5      | Reached skill level 7 in Stealth
  5240 | D:5      | Found a white marble altar of Elyvilon.
  5252 | D:5      | Noticed a hornet
  5341 | Temple   | Entered the Ecumenical Temple
  5374 | Temple   | Became a worshipper of Kikubaaqudgha
  5580 | D:5      | Reached XP level 7. HP: 46/46 MP: 5/12
  5956 | D:5      | Gained mutation: You are partially covered in molten
                  | scales. (AC +2) [potion of mutation]
  5956 | D:5      | Gained mutation: You have sharp toenails. [potion of
                  | mutation]
  5956 | D:5      | Gained mutation: You expend magic power (3 MP) to
                  | strengthen your wands. [potion of mutation]
  6076 | D:5      | Killed a hornet
  6076 | D:5      | Reached skill level 8 in Stealth
  6076 | D:5      | Reached skill level 10 in Hexes
  6469 | D:5      | Noticed Grinder
  6516 | D:5      | Killed Grinder
  6516 | D:5      | Reached XP level 8. HP: 36/52 MP: 9/15
  7432 | D:6      | Reached skill level 9 in Stealth
  7494 | D:6      | Reached skill level 5 in Spellcasting
  9164 | D:7      | Noticed a hippogriff
  9174 | D:7      | Killed a hippogriff
  9180 | D:7      | Reached skill level 10 in Stealth
  9182 | D:7      | Reached XP level 9. HP: 45/57 MP: 2/17
  9561 | D:7      | Reached * piety under Kikubaaqudgha
  9561 | D:7      | Identified Kikubaaqudgha's Almanac of Evil Secrets
                  | (Kikubaaqudgha gifted it to you on level 7 of the Dungeon)
  9561 | D:7      | Received a gift from Kikubaaqudgha
  9917 | D:6      | Reached skill level 1 in Fighting
 10865 | D:8      | Noticed a queen bee
 10888 | D:8      | Reached skill level 11 in Stealth
 10892 | D:8      | Killed a queen bee
 11947 | D:8      | Reached XP level 10. HP: 73/73 MP: 15/20
 11995 | D:8      | Reached ** piety under Kikubaaqudgha
 12385 | D:8      | Noticed Maurice
 12394 | D:8      | Killed Maurice
 12394 | D:8      | Reached skill level 5 in Fighting
 12394 | D:8      | Reached skill level 12 in Stealth
 13492 | D:9      | Found the +9 staff of Olgreb {rPois}
 13499 | D:9      | Noticed a gargoyle
 13523 | D:9      | Killed a gargoyle
 14530 | D:9      | Noticed Prince Ribbit
 14532 | D:9      | Found a runed translucent gate.
 14533 | D:9      | Found a runed translucent door.
 14535 | D:9      | Killed Prince Ribbit
 14541 | D:9      | Found a runed translucent gate.
 14541 | D:9      | Found a runed translucent gate.
 14549 | D:9      | Found a runed translucent door.
 14827 | D:10     | Entered Level 10 of the Dungeon
 15493 | D:10     | Noticed a gargoyle
 15524 | D:10     | Killed a gargoyle
 15524 | D:10     | Reached skill level 13 in Stealth
 16222 | D:10     | Reached *** piety under Kikubaaqudgha
 16222 | D:10     | Identified Kikubaaqudgha's Reference Book on Darkness
                  | (Kikubaaqudgha gifted it to you on level 10 of the Dungeon)
 16222 | D:10     | Received a gift from Kikubaaqudgha
 16866 | D:10     | Noticed a death yak
 16874 | D:10     | Noticed a death yak
 17085 | D:10     | Found a staircase to the Lair.
 17104 | D:10     | Reached XP level 11. HP: 84/84 MP: 17/23
 17559 | D:10     | Noticed a death yak
 17744 | D:10     | Killed a death yak
 18666 | D:10     | Learned a level 1 spell: Pain
 18750 | D:10     | Learned a level 2 spell: Sublimation of Blood
 18753 | D:10     | Learned a level 2 spell: Searing Ray
 19127 | D:11     | Lost mutation: You expend magic power (3 MP) to strengthen
                  | your wands. [potion of mutation]
 19127 | D:11     | Lost mutation: You have sharp toenails. [potion of
                  | mutation]
 19127 | D:11     | Lost mutation: You are partially covered in molten scales.
                  | (AC +2) [potion of mutation]
 19127 | D:11     | Gained mutation: You have sharp toenails. [potion of
                  | mutation]
 19127 | D:11     | Gained mutation: Your mind is acute. (Int +2) [potion of
                  | mutation]
 19439 | D:11     | Found a staircase to the Orcish Mines.
 19460 | D:11     | Noticed Erolcha
 19553 | D:11     | Killed Erolcha
 19553 | D:11     | Reached skill level 14 in Stealth
 19636 | D:11     | Noticed a six-headed hydra
 20301 | D:11     | Mangled by a six-headed hydra

Skill      XL: |  1  2  3  4  5  6  7  8  9 10 11 |
---------------+----------------------------------+-----
Hexes          | 5 6 7 8 10 12 | 12.8
Stealth        | 5 6 7 8 10 11 13 14 | 14.1
Spellcasting   | 3 4 5 6 8 |  8.6
Fighting       | 4 7 8 |  8.7
Short Blades   | |  1.1
Dodging        | |  2.1

Action                   |  1- 3 |  4- 6 |  7- 9 | 10-12 || total
-------------------------+-------+-------+-------+-------++-------
Melee: Dagger            |   112 |   152 |   239 |   287 ||   790
       Bite              |     7 |    10 |    18 |    33 ||    68
       Kick              |       |       |    47 |    65 ||   112
 Cast: Ensorcelled Hiber |     9 |    56 |    73 |    83 ||   221
       Confuse           |       |     5 |    33 |    73 ||   111
       Tukima's Dance    |       |       |    13 |    13 ||    26
       Pain              |       |       |       |     2 ||     2
       Searing Ray       |       |       |       |     1 ||     1
 Abil: End Transformatio |       |       |       |    11 ||    11
       Bat Form          |       |       |       |    11 ||    11
Evoke: Wand              |       |       |       |    24 ||    24
  Use: Potion            |     1 |     3 |     7 |     8 ||    19
       Scroll            |       |     5 |     8 |     8 ||    21
 Stab: Sleeping          |    15 |    49 |    60 |    69 ||   193
       Confused          |       |     7 |    17 |    24 ||    48
       Distracted        |       |     1 |     1 |       ||     2
  Eat: Corpse            |       |       |     4 |     3 ||     7
Armor: Robe              |    27 |    29 |    51 |    46 ||   153
Dodge: Dodged            |    85 |    91 |   154 |   174 ||   504
